 Dungeon Crawl Stone Soup version 0.18-a0-117-g77bb7e1 (webtiles) character file.

465 Proton the Covered (level 7, 0/55 HPs)
             Began as a Formicid Fighter on Nov 18, 2015.
             Killed by divine providence
             ... invoked by an orc priest
              (12 damage)
             ... on level 4 of the Dungeon.
             The game lasted 00:07:02 (3386 turns).

Proton the Covered (Formicid Fighter)               Turns: 3386, Time: 00:07:02

Health: 0/55       AC:  8    Str: 27    XL:     7   Next: 29%
Magic:  7/7        EV:  9    Int:  7    God:
Gold:   119        SH: 10    Dex: 10    Spells: 0 memorised, 6 levels left

rFire  . . .     SeeInvis +     a - +1 long sword
rCold  . . .     Clarity  .     b - +0 scale mail
rNeg   . . .     SustAt   .     c - +0 shield
rPois  .         Gourm    .     (helmet unavailable)
rElec  .         Spirit   .     (no cloak)
rCorr  .         Warding  .     m - +0 pair of gloves
rMut   .         Stasis   +     (no boots)
MR     +....                    (no amulet)
Stlth  ..........               k - ring of protection from magic
                                l - +4 ring of strength

@: lethally poisoned (0 -> -1), somewhat resistant to hostile enchantments,
extremely unstealthy
A: permanent stasis, dig shafts and tunnels, four strong arms, antennae 3
a: Dig, Shaft Self


You were on level 4 of the Dungeon.
You were not hungry.

You visited 1 branch of the dungeon, and saw 4 of its levels.

You collected 119 gold pieces.

Inventory:

Hand Weapons
 a - a +1 long sword (weapon)
Armour
 b - a +0 scale mail (worn)
 c - a +0 shield (worn)
 m - a +0 pair of gloves (worn)
Jewellery
 k - a ring of protection from magic (right hand)
 l - a +4 ring of strength (left hand)
 u - an uncursed ring of poison resistance {unknown}
Scrolls
 g - a scroll of enchant armour {unknown}
 j - 6 scrolls of identify
 n - a scroll of amnesia {unknown}
 p - a scroll of fear {unknown}
 t - 2 scrolls of teleportation {unknown}
Potions
 d - a potion of might
 f - 2 potions of curing
 h - a potion of resistance
 r - a potion of ambrosia
 s - a potion of lignification {unknown}
Books
 i - a book of Hinderance

   Spells                             Type                      Level
   a - Confusing Touch                Hexes                        2
   b - Confuse                        Hexes                        3
   c - Gell's Gravitas                Hexes/Translocation          3
   d - Petrify                        Transmutation/Earth          4
   e - Metabolic Englaciation         Hexes/Ice                    5
Comestibles
 e - 4 bread rations
 o - a slice of pizza
 q - a beef jerky


   Skills:
 + Level 4.6 Fighting
 + Level 3.9 Long Blades
 + Level 5.0 Armour
 + Level 2.4 Dodging
 + Level 5.0 Shields


You had 6 spell levels left.
You didn't know any spells.

Dungeon Overview and Level Annotations

Branches:
Dungeon (4/15)
 Temple: D:4-7

Altars:
Fedhas
Ru


Innate Abilities, Weirdness & Mutations

You are under a permanent stasis effect.
You can dig through walls and to a lower floor.
Your four strong arms can wield two-handed weapons with a shield.
You have a pair of large antennae on your head (SInv).


Message History

You block the worker ant's attack.
You slash the elf skeleton!
The adder skeleton bites you but does no damage.
The elf skeleton barely misses you.
The orc priest mumbles some strange prayers to Beogh against you.
Something smites you! The worker ant bites you.
* * * LOW HITPOINT WARNING * * *
You are more poisoned.
The worker ant poisons you! The adder skeleton bites you.
* * * LOW HITPOINT WARNING * * *
The elf skeleton barely misses you.
You barely miss the elf skeleton.
You feel sick. You block the worker ant's attack.
The adder skeleton barely misses you. The worker ant closely misses you.
Your shield and scale mail prevent you from hitting the elf skeleton.
You feel sick.
The adder skeleton bites you but does no damage.
The orc priest invokes the aid of Beogh against you.
Something smites you!
You die...

....w.... .........
..#######. #.#.#
..#....... .....
.......... #.#.#
..#.##.##. #.#.# ..#.##.#
#.#.# ..#.##.#
#######.#.# ..#.##.#
#..Z@a#...# .##.##.#
#+###ZooZ.# .##.##.##{
####..# ........# #.....#
....##.##{ #...$.#
.#####.## #.##{##.#
........#{ { {#.......#
######.##########.....###
#)##..{{{..{........


You could see a worker ant, an orc priest, an orc, a giant gecko skeleton, an
adder skeleton and an elf skeleton.

Vanquished Creatures
  A centaur (D:4)
  An ogre (D:4)
  The ghost of ReteAZ the Insei, a weakling OpTm (D:3)
  A giant frog zombie (D:3)
  Ijyb (D:2)
  4 gnolls (D:2)
  10 adders
  An ooze (D:4)
  A worm (D:4)
  A giant gecko (D:3)
  2 orcs
  2 ball pythons
  3 giant cockroaches
  7 goblins
  6 hobgoblins
  A quokka (D:3)
  6 bats
  3 giant newts
  10 jackals
  9 kobolds
  8 rats
79 creatures vanquished.

Vanquished Creatures (others)
  2 bushes (D:4)
2 creatures vanquished.

Grand Total: 81 creatures vanquished

Notes
Turn   | Place    | Note
--------------------------------------------------------------
     0 | D:1      | Proton the Formicid Fighter began the quest for the Orb.
     0 | D:1      | Reached XP level 1. HP: 18/18 MP: 1/1
    90 | D:1      | Reached XP level 2. HP: 21/24 MP: 2/2
   346 | D:1      | Reached XP level 3. HP: 29/29 MP: 3/3
   741 | D:2      | Reached skill level 1 in Dodging
   741 | D:2      | Reached XP level 4. HP: 29/37 MP: 4/4
   818 | D:2      | Reached skill level 4 in Shields
  1204 | D:2      | Reached XP level 5. HP: 42/42 MP: 5/5
  1324 | D:2      | Found a sacrificial altar of Ru.
  1423 | D:2      | Noticed Ijyb
  1443 | D:2      | Killed Ijyb
  1799 | D:3      | Noticed ReteAZ's ghost (weakling OpTm)
  2123 | D:3      | Killed ReteAZ's ghost
  2190 | D:3      | Reached XP level 6. HP: 38/48 MP: 6/6
  2966 | D:4      | Found a blossoming altar of Fedhas.
  3129 | D:4      | Reached XP level 7. HP: 30/55 MP: 7/7
  3285 | D:4      | Reached skill level 5 in Armour
  3285 | D:4      | Reached skill level 5 in Shields
  3386 | D:4      | Killed from afar by an orc priest

Vault maps used:
D:1:      scummos_arrival_simple_crosswalls
D:2:      first_bread, kennysheep_another_room, nicolae_ru_the_path_less_chosen,
          uniq_iyjb
D:3:      nicolae_overflow_hidden_temple
D:4:      nicolae_ossuary_entry_catacombs, serial_shops, shop,
          fedhas_bush_and_centaur_altar

Action                   |  1- 3 |  4- 6 |  7- 9 || total
-------------------------+-------+-------+-------++-------
Melee: Long sword        |    84 |   252 |    19 ||   355
  Use: Scroll            |       |     4 |       ||     4
  Eat: Bread ration      |       |     1 |       ||     1
       Meat ration       |       |     1 |       ||     1
